 Dungeon Crawl Stone Soup version 0.20.0-15-g7f486f2 (webtiles) character file.

45 grindst0ne the Ruffian (level 3, -4/33 HPs)
             Began as a Ghoul Monk on June 10, 2017.
             Slain by a gnoll
             ... wielding a +0 spear
              (10 damage)
             ... on level 2 of the Dungeon.
             The game lasted 00:02:09 (1550 turns).

grindst0ne the Ruffian (Ghoul Monk)                 Turns: 1550, Time: 00:02:10

Health: -4/33      AC:  3    Str: 14    XL:     3   Next: 64%
Magic:  2/2        EV: 12    Int:  5    God:
Gold:   118        SH:  0    Dex: 12    Spells: 2/2 levels left

rFire    . . .     SeeInvis .     - Unarmed
rCold    + . .     Gourm    .   (no shield)
rNeg     + + +     Faith    .   l - +0 leather armour
rPois    ∞         Spirit   .   (no helmet)
rElec    .         Reflect  .   (no cloak)
rCorr    .         Harm     .   (no gloves)
MR       .....                  (no boots)
Stlth    ++........             (no amulet)
Regen    0.0/turn               m - ring of wizardry
MPRegen  0.1/turn               (no ring)

@: rotting
A: rotting body, claws 1, carnivore 3, cold resistance 1, negative energy
resistance 3, inhibited regeneration, torment resistance, unbreathing
a: no special abilities


You were on level 2 of the Dungeon.
You were not hungry.

You visited 1 branch of the dungeon, and saw 2 of its levels.

You collected 118 gold pieces.

Inventory:

Armour
 a - a +0 robe
 l - a +0 leather armour (worn)
Jewellery
 m - a ring of wizardry (left claw)
Scrolls
 e - 2 scrolls of enchant weapon {unknown}
 f - a scroll of remove curse {unknown}
 g - a scroll of fear {unknown}
 h - 2 scrolls of recharging {unknown}
 j - a scroll of identify {unknown}
 k - a scroll of random uselessness {unknown}
Potions
 d - a potion of mutation {unknown}
 i - a potion of brilliance {unknown}
 n - a potion of invisibility {unknown}
Comestibles
 b - 2 meat rations
 c - a chunk of flesh


   Skills:
 + Level 4.1 Fighting
 - Level 2.6 Dodging
 - Level 2.1 Stealth
 + Level 4.3 Unarmed Combat


You had 2 spell levels left.
You didn't know any spells.

Dungeon Overview and Level Annotations

Branches:
Dungeon (2/15)

Altars:


Innate Abilities, Weirdness & Mutations

Your body is rotting away.
You thrive on raw meat.
You are immune to poison.
You have sharp fingernails.
You are carnivorous and can eat meat at any time.
Your flesh is cold resistant. (rC+)
You are immune to negative energy. (rN+++)
You do not regenerate when monsters are visible.
You are immune to unholy pain and torment.
You can survive without breathing.


Message History

The gnoll is moderately wounded.
You closely miss the gnoll.
The gnoll is moderately wounded.
The gnoll hits you with a club.
You scratch the gnoll.
The gnoll is almost dead.
The gnoll hits you with a club.
You scratch the gnoll.
You kill the gnoll!
Your Fighting skill increases to level 4!
You scratch the gnoll.
The gnoll is moderately wounded.
The gnoll hits you!
The gnoll hits you from afar with a spear.
You scratch the gnoll.
The gnoll is severely wounded.
The gnoll hits you.
* * * LOW HITPOINT WARNING * * *
The gnoll hits you from afar with a spear!
You die...

.....#...######.(.......#
....(.......###.........#
..)..(..........g.......#######
.................####.###.....#
.....##+###....)..............##
##.#......#............).......##
##.#....#.#......g.##+##........#
...#.......######g##8.8##........
...#............@##.....##..)....
...#...###.#....##8.....8##......
......#........##.....[...##.....
#.....#........#8.........8#.....
......#........'.....(.....'...).
......#........#8.........8#..##.
......#.......###.........##..##.
................##8.....8##...##.
#...............###.....##....##.


You could see 2 gnolls.

Vanquished Creatures
  A gnoll (D:2)
  A worm (D:2)
  A leopard gecko (D:1)
  3 giant cockroaches
  6 goblins
  3 hobgoblins (D:2)
  2 jackals (D:1)
  2 quokkas
  A ball python (D:1)
  3 bats
  3 frilled lizards (D:1)
  3 kobolds
  A rat (D:1)
30 creatures vanquished.

Notes
Turn   | Place    | Note
-------+----------+-------------------------------------------
     0 | D:1      | grindst0ne the Ghoul Monk began the quest for the Orb.
     0 | D:1      | Reached XP level 1. HP: 19/19 MP: 0/0
   389 | D:1      | Reached XP level 2. HP: 20/26 MP: 1/1
  1144 | D:2      | Reached XP level 3. HP: 27/33 MP: 2/2
  1550 | D:2      | Slain by a gnoll

Skill      XL: |  1  2  3 |
---------------+----------+-----
Unarmed Combat | 4 |  4.3
Fighting       | 4 |  4.1
Dodging        | |  2.6
Stealth        | |  2.1

Action                   || total
-------------------------++-------
Melee: Unarmed           ||    81
       Punch             ||     5
 Stab: Sleeping          ||     3
  Eat: Chunk             ||     3
Armor: Robe              ||    17
       Leather armour    ||     6
Dodge: Dodged            ||    43
